 Dungeon Crawl Stone Soup version 0.19-a0-994-g3c636f0 (webtiles) character file.

67 matakusis the Ducker (level 4, 35/35 HPs)
             Began as a Demonspawn Gladiator on July 17, 2016.
             Got out of the dungeon alive.
             The game lasted 00:03:48 (1525 turns).

matakusis the Ducker (Demonspawn Gladiator)         Turns: 1525, Time: 00:03:49

Health: 35/35      AC:  5    Str: 15    XL:     4   Next: 0%
Magic:  4/4        EV: 13    Int:  9    God:
Gold:   139        SH:  0    Dex: 15    Spells: 0 memorised, 3 levels left

rFire  . . .     SeeInvis .     a - +0 long sword
rCold  . . .     Gourm    .     b - +0 leather armour
rNeg   . . .     Faith    .     (no shield)
rPois  .         Spirit   .     c - +0 helmet
rElec  .         Dismiss  .     (no cloak)
rCorr  .         Reflect  .     (no gloves)
SustAt .         Harm     .     (no boots)
MR     .....                    (no amulet)
Stlth  ++........               (no ring)
                                (no ring)

@: not resistant to hostile enchantments, unstealthy
A: rugged brown scales 1, nightstalker 1
a: no special abilities


You escaped.
You were not hungry.

You visited 1 branch of the dungeon, and saw 2 of its levels.

You collected 139 gold pieces.

Inventory:

Hand Weapons
 a - a +0 long sword (weapon)
Missiles
 d - 3 throwing nets (quivered)
Armour
 b - a +0 leather armour (worn)
 c - a +0 helmet (worn)
Scrolls
 e - 2 scrolls of random uselessness {unknown}
 l - a scroll of immolation {unknown}
 p - a scroll of magic mapping {unknown}
 t - a scroll of teleportation {unknown}
Potions
 j - 2 potions of might {unknown}
 k - a potion of cure mutation {unknown}
 m - a potion of lignification {unknown}
 n - a potion of heal wounds {unknown}
 o - a potion of degeneration {unknown}
 q - a potion of mutation {unknown}
 r - a potion of haste {unknown}
 s - a potion of flight {unknown}
Comestibles
 f - 2 bread rations
 g - a chunk of flesh
 h - a royal jelly
 i - 2 meat rations


   Skills:
 * Level 2.6 Fighting
 + Level 3.2 Long Blades
 - Level 1.7 Throwing
 * Level 3.6 Dodging


You had 3 spell levels left.
You didn't know any spells.

Dungeon Overview and Level Annotations

Branches:
Dungeon (2/15)

Altars:
Elyvilon
Kikubaaqudgha


Innate Abilities, Weirdness & Mutations

You are partially covered in rugged brown scales. (AC +1, +3% HP)
You are slightly more attuned to the shadows.


Message History

A giant newt is nearby!
The giant newt moves out of view.
You miss the giant newt.
The giant newt bites you but does no damage. x2
You barely miss the giant newt. The giant newt closely misses you.
You riposte.
You hit the giant newt.
You kill the giant newt!
You have reached level 4!
You feel agile.
Your demonic ancestry asserts itself...
You slip into the darkness of the dungeon.
You now have 127 gold pieces (gained 12).
You now have 139 gold pieces (gained 12).
Found a stone staircase leading down.
There is a stone staircase leading up here.
You climb upwards.
There is a stone staircase leading down here.
There is an open door here.
There is a staircase leading out of the dungeon here.
Are you sure you want to leave the Dungeon?
This will make you lose the game!
You have escaped!

#### #### ###
##..##########.@## #..
#....'......#....#
#####.#
#....#......'....#
#......
##..##########..##♣♣
#.###..
##'#........##'#..♣♣
#####..
#..#........#..#...♣♣♣
##...
#..#..P...P.#..#.....♣♣
#....
#..#.P)P.P..#..#......♣♣
##.#..
#..#8...P...#..#.......♣
#..#..


There were no monsters in sight!

Vanquished Creatures
  2 adders
  A worm (D:2)
  A dart slug (D:1)
  A ball python (D:2)
  3 bats
  5 giant cockroaches (D:1)
  5 goblins
  6 hobgoblins
  3 jackals (D:1)
  6 kobolds
  4 giant newts
  2 rats (D:2)
39 creatures vanquished.

Notes
Turn   | Place    | Note
-------+----------+-------------------------------------------
     0 | D:1      | matakusis the Demonspawn Gladiator began the quest for the Orb.
     0 | D:1      | Reached XP level 1. HP: 16/16 MP: 1/1
   233 | D:1      | Gained mutation: You are partially covered in rugged brown scales. (AC +1, +3% HP) [demonic ancestry]
   233 | D:1      | Reached XP level 2. HP: 16/22 MP: 2/2
   705 | D:1      | Reached XP level 3. HP: 27/28 MP: 3/3
  1105 | D:2      | Found an ancient bone altar of Kikubaaqudgha.
  1468 | D:2      | Found a white marble altar of Elyvilon.
  1474 | D:2      | Gained mutation: You are slightly more attuned to the shadows. [demonic ancestry]
  1474 | D:2      | Reached XP level 4. HP: 35/35 MP: 4/4
  1525 | D:$      | Got out of the dungeon alive.

Vault maps used:
D:1:      sevenhm_arrival_forest_fort_large_4
D:2:      kiku_gazebo_pond_becter, lemuel_doored_altar

Skill      XL: |  1  2 |
---------------+-------+-----
Dodging        | 3 |  3.6
Long Blades    | 3 |  3.2
Fighting       | |  2.6
Throwing       | |  1.7

Action                   |  1- 3 |  4- 6 || total
-------------------------+-------+-------++-------
Melee: Long sword        |   128 |       ||   128
  Eat: Chunk             |     2 |       ||     2
Armor: Leather armour    |    29 |       ||    29
Dodge: Dodged            |    83 |       ||    83
